 Dungeon Crawl Stone Soup version 0.20-a0-904-gd863c46 (webtiles) character file.

5728 M4edhros the Cleaver (level 10, -11/79 HPs)
             Began as a Minotaur Berserker on Mar 22, 2017.
             Was an Elder of Trog.
             Mangled by a black mamba (14 damage)
             ... on level 1 of the Lair of Beasts.
             The game lasted 00:13:56 (3334 turns).

M4edhros the Cleaver (Minotaur Berserker)           Turns: 3334, Time: 00:13:57

Health: -11/79     AC: 12    Str: 28    XL:     10   Next: 48%
Magic:  14/14      EV:  7    Int:  4    God:    Trog [****..]
Gold:   148        SH: 10    Dex: 13    Spells: 9/9 levels left

rFire    + . .     SeeInvis .   B - +6 double sword of the Poles {vamp, rPois MR- Str+6 Stlth-}
rCold    x . .     Gourm    .   y - +0 plate armour
rNeg     . . .     Faith    .   p - +0 shield
rPois    +         Spirit   .   (helmet restricted)
rElec    .         Reflect  +   (no cloak)
rCorr    .         Harm     .   (no gloves)
MR       .....                  (no boots)
Stlth    ..........             f - +2 amulet of reflection
Regen    0.3/turn               (no ring)
MPRegen  0.2/turn               E - ring of fire

@: lethally poisoned (-11 -> -26)
A: retaliatory headbutt, horns 2, frail 1
a: Berserk, Trog's Hand, Brothers in Arms, Burn Spellbooks, Renounce Religion


You were on level 1 of the Lair of Beasts.
You worshipped Trog.
Trog was greatly pleased with you.
You were hungry.

You visited 2 branches of the dungeon, and saw 12 of its levels.

You collected 287 gold pieces.
You spent 139 gold pieces at shops.

Inventory:

Hand Weapons
 r - a +1 hand axe of electrocution
 B - the +6 double sword of the Poles (weapon) {vamp, rPois MR- Str+6 Stlth-}
   (You found it on level 7 of the Dungeon)

   It inflicts no extra harm, but heals its wielder when it wounds a living foe.
   It affects your strength (+6).
   It protects you from poison.
   It affects your resistance to hostile enchantments.
   It makes you less stealthy.
Missiles
 g - 9 tomahawks (quivered)
Armour
 h - a +2 leather armour of magic resistance
 p - a +0 shield (worn)
 y - a +0 plate armour (worn)
Jewellery
 f - a +2 amulet of reflection (around neck)
 E - a ring of fire (left hand)
Wands
 a - a wand of iceblast (1/15)
 b - a wand of confusion (14/48)
 s - a wand of iceblast (5/15)
 u - a wand of confusion (16/48)
 C - a wand of digging (14/24)
 F - a wand of flame (26/48)
Scrolls
 e - a scroll of identify
 j - a scroll of enchant weapon {unknown}
 k - a scroll of brand weapon {unknown}
 l - a scroll of fear {unknown}
 o - 4 scrolls of teleportation
 q - 2 scrolls of recharging {unknown}
 t - 2 scrolls of blinking {unknown}
 v - a scroll of magic mapping {unknown}
Potions
 d - 2 potions of magic
 w - a potion of haste {unknown}
 z - 2 potions of lignification {unknown}
 A - a potion of ambrosia {unknown}
 D - 2 potions of curing
Comestibles
 c - 5 bread rations
 n - a fruit


   Skills:
 + Level 7.6 Fighting
 * Level 5.4 Long Blades
 - Level 11.5 Axes
 + Level 6.5 Armour
 + Level 6.0 Dodging
 + Level 6.7 Evocations


You had 9 spell levels left.
You didn't know any spells.

Dungeon Overview and Level Annotations

Branches:
Dungeon (11/15)              Lair (1/6) D:11
 Temple: D:4-7          Orc: D:9-12

Altars:
Dithmenos
Kikubaaqudgha
Nemelex Xobeh
Okawaru
Sif Muna
Trog
Uskayaw
Yredelemnul

Shops:
D:5 }   D:10 :

Portals:
Trove: D:11 (give 13 scrolls of teleportation)


Innate Abilities, Weirdness & Mutations

You reflexively headbutt those who attack you in melee.
You have a pair of horns on your head.
You are frail. (-10% HP)


Message History

You block the black mamba's attack. x2
Unknown command.
You miss the black mamba.
The black mamba is severely wounded.
You block the black mamba's attack. x2
Unknown command.
You closely miss the black mamba.
The black mamba is severely wounded.
You block the black mamba's attack. The black mamba bites you!
* * * LOW HITPOINT WARNING * * *
The black mamba bites you!
* * * LOW HITPOINT WARNING * * *
You are lethally poisoned!
The black mamba poisons you!
You miss the black mamba. Your headbutt misses the black mamba.
The black mamba is severely wounded.
* * * LOW HITPOINT WARNING * * *
You feel very sick. The black mamba bites you!
You die...

#######.....#
............#
............#
............#
....[....(.#
#....>...# #
+....S...#.####.
#..$@.?.<.......
#.###.########..
###


You could see a black mamba.

Vanquished Creatures
  A two-headed ogre (D:8)
  2 oklob plants (D:11)
  Prince Ribbit (D:8)
  A wyvern (D:10)
  The ghost of M4edhros the Chopper, an amateur MiBe of Trog (D:7)
  Eustachio (D:7)
  2 hungry ghosts (D:11)
  6 orc warriors
  An ice beast (D:5)
  2 black bears (D:11)
  2 phantoms
  2 sky beasts
  An ogre (D:9)
  An eye of draining (D:11)
  A necrophage (D:9)
  6 centaurs
  4 bullfrogs
  A gnoll sergeant (D:7)
  A water moccasin zombie (D:8)
  2 scorpions
  5 killer bees (D:6)
  3 wights (D:7)
  An electric eel (D:6)
  4 crimson imps
  A jelly (D:9)
  A bullfrog zombie (D:11)
  An orc priest (D:6)
  7 orc wizards
  A bullfrog skeleton (D:8)
  4 worker ants
  7 adders
  A howler monkey skeleton (D:8)
  An adder zombie (D:8)
  An adder skeleton (D:9)
  A worm (D:2)
  A dart slug (D:2)
  3 leopard geckos
  24 orcs
  3 giant cockroaches
  3 goblins (D:2)
  4 hobgoblins
  3 quokkas
  3 bats
  2 frilled lizards
  2 kobolds
  4 rats
  A plant (D:11)
131 creatures vanquished.

Vanquished Creatures (others)
  A centaur (D:11)
1 creature vanquished.

Grand Total: 132 creatures vanquished

Notes
Turn   | Place    | Note
-------+----------+-------------------------------------------
     0 | D:1      | M4edhros the Minotaur Berserker began the quest for the Orb.
     0 | D:1      | Reached XP level 1. HP: 19/19 MP: 0/0
   126 | D:2      | Reached skill level 4 in Axes
   162 | D:2      | Reached XP level 2. HP: 24/26 MP: 1/1
   220 | D:2      | Reached skill level 5 in Axes
   246 | D:2      | Reached XP level 3. HP: 6/31 MP: 2/2
   357 | D:1      | Reached ** piety under Trog
   470 | D:5      | Entered Level 5 of the Dungeon
   470 | D:5      | Noticed an ice beast
   476 | D:5      | Killed an ice beast
   476 | D:5      | Reached skill level 6 in Axes
   476 | D:5      | Reached XP level 4. HP: 39/39 MP: 3/3
   476 | D:5      | Reached XP level 5. HP: 45/45 MP: 4/4
   482 | D:5      | Reached skill level 7 in Axes
   670 | D:5      | Reached skill level 1 in Evocations
   700 | D:5      | Found Noxoutz's Gadget Emporium.
   746 | D:6      | Reached XP level 6. HP: 51/51 MP: 6/6
   799 | D:6      | Noticed an orc warrior
   809 | D:6      | Killed an orc warrior
   809 | D:6      | Reached skill level 8 in Axes
  1006 | D:6      | Reached XP level 7. HP: 27/57 MP: 8/8
  1128 | D:6      | Reached skill level 9 in Axes
  1335 | D:7      | Reached XP level 8. HP: 64/66 MP: 10/10
  1379 | D:7      | Reached *** piety under Trog
  1531 | D:8      | Found a shadowy altar of Dithmenos.
  1531 | D:8      | Found a bloodstained altar of Trog.
  1531 | D:8      | Found a sparkling altar of Nemelex Xobeh.
  1531 | D:8      | Found an ancient bone altar of Kikubaaqudgha.
  1537 | D:8      | Found a basalt altar of Yredelemnul.
  1537 | D:8      | Found an iron altar of Okawaru.
  1603 | D:8      | Noticed Prince Ribbit
  1613 | D:8      | Killed Prince Ribbit
  1613 | D:8      | Reached skill level 10 in Axes
  1613 | D:8      | Reached skill level 5 in Evocations
  1650 | D:8      | Found a hide-covered altar of Uskayaw.
  1663 | D:7      | Noticed M4edhros's ghost (amateur MiBe)
  1674 | D:7      | Killed M4edhros's ghost
  1772 | D:7      | Reached skill level 5 in Fighting
  1778 | D:7      | Noticed Eustachio
  1802 | D:7      | Killed Eustachio
  1802 | D:7      | Reached XP level 9. HP: 34/74 MP: 12/12
  1945 | D:8      | Noticed a two-headed ogre
  1953 | D:8      | Killed a two-headed ogre
  1953 | D:8      | Reached skill level 11 in Axes
  1953 | D:8      | Reached skill level 5 in Armour
  2138 | D:8      | Found a deep blue altar of Sif Muna.
  2430 | D:7      | Got a brightly glowing double sword
  2433 | D:7      | Identified the +6 double sword of the Poles {vamp, rPois MR- Str+6 Stlth-} (You found it on level 7 of the Dungeon)
  2795 | D:5      | Bought a wand of confusion (15/48) for 139 gold pieces
  2916 | D:10     | Entered Level 10 of the Dungeon
  2919 | D:10     | Found Jeyxul's Book Shoppe.
  2934 | D:10     | Reached skill level 1 in Long Blades
  2968 | D:11     | Noticed a two-headed ogre
  3000 | D:10     | Reached skill level 5 in Dodging
  3050 | D:11     | Found a portal to a secret trove of treasure.
  3096 | D:11     | Reached **** piety under Trog
  3096 | D:11     | Reached XP level 10. HP: 83/83 MP: 13/13
  3256 | D:11     | Gained mutation: You are frail. (-10% HP) [mutagenic meat]
  3264 | D:11     | Noticed an oklob plant
  3283 | D:11     | Found a staircase to the Lair.
  3284 | D:11     | Noticed an oklob plant
  3291 | D:11     | Killed an oklob plant
  3291 | D:11     | Reached skill level 5 in Long Blades
  3298 | D:11     | Killed an oklob plant
  3324 | Lair:1   | Entered Level 1 of the Lair of Beasts
  3325 | Lair:1   | Noticed a black mamba
  3334 | Lair:1   | HP: 3/79 [poisoned by a black mamba]
  3334 | Lair:1   | Mangled by a black mamba

Vault maps used:
D:1:      dpeg_arrival_another_circle, minmay_misc_feat_rugged
D:2:      first_bread
D:3:      grunt_gozag_breadcrumbs, grunt_temple_overflow_open,
          patterned_corridor, uniq_iyjb, uniq_grinder
D:4:      temple_hall, makhleb_altar_promises_db
D:5:      serial_shops, nicolae_shop_crystal
D:6:      water_maze_lemuel
D:7:      sword_in_stone
D:8:      minmay_overflow_temple_hex, kennysheep_mini_moat,
          overflow_temple_1_default, uniq_prince_ribbit1
D:9:      lemuel_coloured_pillars_altar
D:10:     minmay_flawed_box, serial_shops, shop_fountains
D:11:     dpeg_oklobed_lair, orc_0_dummy, nicolae_trove_entry_crystal,
          serial_shops, shop
Lair:1:   grunt_megastairs_5

Skill      XL: |  1  2  3  4  5  6  7  8  9 10 |
---------------+-------------------------------+-----
Axes           | 4 5 6 7 8 9 10 11 | 11.5
Evocations     | 2 3 4 5 6 |  6.7
Fighting       | 5 6 7 |  7.6
Armour         | 4 5 6 |  6.5
Dodging        | 3 5 6 |  6.0
Long Blades    | 3 5 |  5.4

Action                   |  1- 3 |  4- 6 |  7- 9 | 10-12 || total
-------------------------+-------+-------+-------+-------++-------
Melee: Hand axe          |    43 |    55 |   187 |       ||   285
       Headbutt          |     4 |    10 |    42 |    16 ||    72
       Double sword      |       |       |    25 |    74 ||    99
Invok: Berserk           |     3 |     2 |    10 |     1 ||    16
       Trog's Hand       |       |       |     4 |     2 ||     6
       Burn Spellbooks   |       |       |     1 |       ||     1
Evoke: Wand              |       |     1 |     4 |     2 ||     7
  Use: Potion            |     1 |       |     7 |     2 ||    10
       Scroll            |       |     1 |     4 |     1 ||     6
  Eat: Chunk             |       |     3 |     9 |     9 ||    21
       Bread ration      |       |       |     2 |       ||     2
       Royal jelly       |       |       |     2 |       ||     2
Armor: Ring mail         |    17 |     3 |       |       ||    20
       Animal skin       |     1 |       |       |       ||     1
       Chain mail        |       |     4 |    49 |       ||    53
       Plate armour      |       |       |    43 |    66 ||   109
Dodge: Dodged            |    31 |    24 |    83 |    20 ||   158
Block: Other             |     6 |     4 |    11 |       ||    21
       Reflection        |       |       |     8 |     3 ||    11
       Shield            |       |       |    23 |    45 ||    68
       Rpst.: Double sword |       |       |     4 |     3 ||     7
